 Dungeon Crawl Stone Soup version 0.19-a0-1170-g18f0c96 (webtiles) character file.

245 epen the Poker (level 6, -2/48 HPs)
             Began as a Merfolk Monk on Aug 17, 2016.
             Slain by a gnoll
             ... wielding a +0 spear
              (10 damage)
             ... on level 2 of the Dungeon.
             The game lasted 00:03:46 (2886 turns).

epen the Poker (Merfolk Monk)                       Turns: 2886, Time: 00:03:46

Health: -2/48      AC:  3    Str: 12 (14) XL:     6   Next: 10%
Magic:  6/6        EV: 15    Int: 11 (14) God:
Gold:   159        SH:  0    Dex: 14 (16) Spells: 0 memorised, 5 levels left

rFire  . . .     SeeInvis .     a - +1 spear
rCold  . . .     Gourm    .     b - +0 robe
rNeg   . . .     Faith    .     (no shield)
rPois  .         Spirit   .     (no helmet)
rElec  .         Dismiss  .     (no cloak)
rCorr  .         Reflect  .     (no gloves)
MR     .....     Harm     .     e - +0 pair of boots
Stlth  +.........               (no amulet)
                                (no ring)
                                (no ring)

@: confused, brilliant
A: change form in water, swift swim
a: no special abilities


You were on level 2 of the Dungeon.
You were hungry.

You visited 1 branch of the dungeon, and saw 3 of its levels.

You collected 159 gold pieces.

Inventory:

Hand Weapons
 a - a +1 spear (weapon)
Armour
 b - a +0 robe (worn)
 e - a +0 pair of boots (worn)
Scrolls
 d - a scroll of immolation
 h - a scroll of remove curse {unknown}
 j - a scroll of fear {unknown}
 k - 3 scrolls of identify {unknown}
 l - a scroll of enchant weapon
 n - a scroll of noise {unknown}
 o - a scroll of magic mapping {unknown}
Comestibles
 c - 2 bread rations
 s - a royal jelly


   Skills:
 + Level 4.2 Fighting
 + Level 5.9 Polearms
 * Level 2.5 Armour
 + Level 5.3 Dodging
 - Level 2.1 Stealth


You had 5 spell levels left.
You didn't know any spells.

Dungeon Overview and Level Annotations

Branches:
Dungeon (3/15)

Altars:


Message History

The gnoll misses you.
As you read the scroll labeled UNADOAFODD, it crumbles to dust.
It is a scroll of amnesia.
You feel forgetful for a moment. The gnoll hits you with a spear!
* * * LOW HITPOINT WARNING * * *
The gnoll closely misses you.
As you read the scroll labeled XOTAICWAUM, it crumbles to dust.
It is a scroll of enchant weapon.
Your +0 spear glows red for a moment.
The gnoll closely misses you. The gnoll misses you.
Okay, then.
You feel better. The gnoll completely misses you. The gnoll barely misses you.
Okay, then.
You are confused.
You feel invigorated. The gnoll hits you with a spear!
* * * LOW HITPOINT WARNING * * *
You're too confused!
You bump into the rock wall.
The gnoll closely misses you. The gnoll hits you with a spear!
You die...

#.# #. #.# ## ##.# ####### # #..#
#.....# ######.## #.....#
#......# #.....# #.####.# #.....#
#.####.# #.....# #.##@g.#
####.### #.##g#.###.....#
#.##.#.##......# #
#......#.)....[#### #
####.##.<.........### ##########
#................#
.........##########.....(.....#.#
.#.##......................#.....
......##.####..####...........#.#


You could see 2 gnolls.

Vanquished Creatures
  The ghost of Xiguana the Conjurer, an amateur TeCj (D:3)
  A worker ant (D:3)
  3 adders (D:2)
  An ooze (D:3)
  3 worms
  3 dart slugs
  A giant gecko (D:1)
  4 orcs
  2 giant cockroaches
  9 goblins
  9 hobgoblins
  9 jackals (D:2)
  A kobold (D:2)
  2 quokkas
  A ball python (D:2)
  7 bats
  3 giant newts (D:1)
  3 rats
63 creatures vanquished.

Notes
Turn   | Place    | Note
-------+----------+-------------------------------------------
     0 | D:1      | epen the Merfolk Monk began the quest for the Orb.
     0 | D:1      | Reached XP level 1. HP: 18/18 MP: 1/1
    87 | D:1      | Reached XP level 2. HP: 24/24 MP: 2/2
   695 | D:1      | Reached skill level 1 in Armour
   713 | D:1      | Reached skill level 5 in Polearms
   713 | D:1      | Reached XP level 3. HP: 28/29 MP: 3/3
  1357 | D:2      | Reached XP level 4. HP: 25/35 MP: 4/4
  2026 | D:3      | Noticed Xiguana's ghost (amateur TeCj)
  2048 | D:3      | Killed Xiguana's ghost
  2048 | D:3      | Reached skill level 5 in Dodging
  2048 | D:3      | Reached XP level 5. HP: 4/42 MP: 5/5
  2614 | D:3      | Reached XP level 6. HP: 9/48 MP: 6/6
  2886 | D:2      | Slain by a gnoll

Vault maps used:
D:1:      tarquinn_simple_flora_water_a
D:2:      first_bread
D:3:      minitemple, uniq_grinder

Skill      XL: |  1  2  3  4 |
---------------+-------------+-----
Armour         | 1 2 |  2.5
Polearms       | 5 |  5.9
Fighting       | 4 |  4.2
Dodging        | 5 |  5.3
Stealth        | |  2.1

Action                   |  1- 3 |  4- 6 || total
-------------------------+-------+-------++-------
Melee: Spear             |   155 |   184 ||   339
  Use: Potion            |       |     9 ||     9
       Scroll            |       |     3 ||     3
 Stab: Sleeping          |     8 |     1 ||     9
       Distracted        |       |     1 ||     1
  Eat: Chunk             |     1 |     5 ||     6
Armor: Robe              |    32 |    19 ||    51
Dodge: Dodged            |    94 |   122 ||   216
